 Dungeon Crawl Stone Soup version 0.31.0-7-gf635a9b802 (webtiles) character file.

Game seed: 8576666845461980515

2037 hikkokomori the Sneak (level 9, 0/54 HPs)
             Began as a Gargoyle Alchemist on Jan 24, 2024.
             Was a Follower of Kikubaaqudgha.
             Slain by a wight
             ... wielding a +6 falchion of freezing
              (2 damage)
             ... on level 5 of the Dungeon.
             The game lasted 00:14:49 (5675 turns).

hikkokomori the Sneak (Gargoyle Alchemist)          Turns: 5675, Time: 00:14:50

Health: 0/54       AC:  9    Str: 12    XL:     9   Next: 24%
Magic:  10/16      EV: 11    Int: 20    God:    Kikubaaqudgha [*.....]
Gold:   166        SH:  0    Dex: 10    Spells: 7/18 levels left

rFire   . . .        o - +2 short sword (drain)
rCold   . . .        (no shield)
rNeg    + . .        a - +0 robe
rPois   ∞            g - +0 helmet
rElec   +            (no cloak)
rCorr   .            (no gloves)
SInv    .            (no boots)
Will    .....        (no amulet)
Stlth   +++          (no ring)
HPRegen 0.29/turn    (no ring)
MPRegen 0.15/turn

%: no passive effects
@: very slightly contaminated
A: sickness immunity, AC +6, negative energy resistance 1, electricity
resistance, torment resistance 1, petrification resistance
a: Renounce Religion, Unearth Wretches


You were on level 5 of the Dungeon.
You worshipped Kikubaaqudgha.
Kikubaaqudgha was aware of your devotion.
You visited 1 branch of the dungeon, and saw 5 of its levels.
You also visited: Sewer.

You collected 166 gold pieces.

Inventory:

Hand Weapons
 f - a +0 short sword
 m - a +1 flail of protection
 o - a +2 short sword of draining (weapon)
Missiles
 p - 16 poisoned darts
Armour
 a - a +0 robe (worn)
 g - a +0 helmet (worn)
Wands
 c - a wand of mindburst (9)
 y - a wand of flame (18)
Scrolls
 d - a scroll of fear
 h - a scroll of poison
 j - a scroll of brand weapon {unknown}
 l - a scroll of immolation
 n - a scroll of enchant armour {unknown}
 t - a scroll of amnesia {unknown}
 u - a scroll of noise {unknown}
 w - a scroll of summoning {unknown}
 x - a scroll of vulnerability {unknown}
Potions
 b - 3 potions of magic
 e - 3 potions of heal wounds
 i - 2 potions of invisibility
 k - a potion of might
 q - a potion of resistance
 r - a potion of brilliance
 s - a potion of haste
 v - 2 potions of curing


   Skills:
 + Level 5.6 Fighting
 + Level 3.5 Short Blades
 - Level 1.5 Dodging
 - Level 6.1 Stealth
 + Level 5.1 Spellcasting
 - Level 1.1 Conjurations
 + Level 1.4 Air Magic
 - Level 3.1 Earth Magic
 + Level 5.1 Alchemy


You had 7 spell levels left.
You knew the following spells:

 Your Spells              Type           Power      Damage    Failure   Level
a - Sting                 Conj/Alch      68%        1d7       3%          1
b - Sandblast             Erth           34%        2d9       3%          1
c - Mercury Vapours       Alch/Air       36%        N/A       4%          2
d - Mephitic Cloud        Conj/Alch/Air  15%        N/A       12%         3
e - Olgreb's Toxic Radia  Alch           25%        N/A       14%         4

Your spell library contained the following spells:

 Spells                   Type           Power      Damage    Failure   Level
 Kiss of Death            Conj/Necr      28%        2d7       9%          1
 Passwall                 Erth           17%        N/A       10%         3
 Necrotise                Necr           20%        1d5       12%         1
 Stone Arrow              Conj/Erth      26%        3d8       14%         3
 Fugue of the Fallen      Necr           5%         N/A       34%         3
 Gell's Gravitas          Tloc           5%         N/A       34%         3
 Teleport Other           Tloc           5%         N/A       34%         3
 Vampiric Draining        Necr           5%         2d6       34%         3
 Sticky Flame             Fire/Alch      15%        2d5       36%         4
 Brom's Barrelling Bould  Conj/Erth      13%        2d4       43%         4
 Dispersal                Tloc           2%         N/A       100%        6


Dungeon Overview and Level Annotations

Branches:
Dungeon (5/15)              Sewer (visited)
 Temple: D:4-7

Altars:
Cheibriados
Dithmenos
Kikubaaqudgha
Nemelex Xobeh
Sif Muna
Trog


Innate Abilities, Weirdness & Mutations

You are immune to sickness and miasma.
Your stone body is resilient. (AC +6)
You are immune to poison.
You resist negative energy. (rN+)
You are resistant to electric shocks. (rElec)
You are resistant to unholy torment.
You are immune to petrification.


Message History

You don't know that spell.
Unknown command.
Unknown command.
Unknown command.
Casting: Sandblast (safe; 3% risk of failure)
Confirm with . or Enter, or press ? or * to list all spells.
Aiming: Sandblast (safe; 3% risk of failure)
Press: ? - help, Shift-Dir - straight line, f/p - wight
Aim: a wight, wielding a +6 falchion of freezing and wearing a +0 robe (82% to hit)
The blast of sand hits the wight!
The wight is severely damaged.
The wight closely misses you.
Unknown command.
Casting: Sandblast (safe; 3% risk of failure)
Confirm with . or Enter, or press ? or * to list all spells.
Aiming: Sandblast (safe; 3% risk of failure)
Press: ? - help, Shift-Dir - straight line, f/p - wight
Aim: a wight, wielding a +6 falchion of freezing and wearing a +0 robe (severely damaged, 82% to hit)
You miscast Sandblast.
You are very lightly contaminated with residual magic.
Nothing appears to happen.
The wight hits you with a +6 falchion of freezing!
The wight freezes you.
* * * LOW HITPOINT WARNING * * *
Unknown command.
Casting: Sandblast (safe; 3% risk of failure)
Confirm with . or Enter, or press ? or * to list all spells.
Aiming: Sandblast (safe; 3% risk of failure)
Press: ? - help, Shift-Dir - straight line, f/p - wight
Aim: a wight, wielding a +6 falchion of freezing and wearing a +0 robe (severely damaged, 82% to hit)
The blast of sand misses the wight.
The wight hits you with a +6 falchion of freezing.
* * * LOW HITPOINT WARNING * * *
The wight freezes you.
* * * LOW HITPOINT WARNING * * *
The wight hits you with a +6 falchion of freezing!
* * * LOW HITPOINT WARNING * * *
The wight freezes you.
You die...
Kikubaaqudgha rasps: "You have failed me!
Welcome... oblivion!"

...##...........#
...##...........#
...###....>.....########
######.........[...#...#
.###....................
..[.............(.......
###.z..#..####..........
###.#.###.####.>........
#)..#.# #......z@.......
M.###z# ######.....#...#
### #.### #.....########
# #.M.# #.###.#
###.###.# #.# ##.##..#
#.. #.....## ###.
#.#.### . .?.#.. .


You could see a wight.

Vanquished Creatures
  Pikel (D:4)
  Menkaure (D:5)
  An orc warrior (D:5)
  An ogre (D:5)
  A lemure (D:4)
  2 kobold brigands (Sewer)
  2 bullfrogs
  4 necrophages (D:4)
  2 scorpions
  2 jellies
  An orc priest (D:5)
  4 hounds
  A human zombie (D:4)
  A sleepcap (D:5)
  2 orc wizards (D:4)
  Natasha (twice) (D:2)
  2 hound zombies (D:4)
  A hound skeleton (D:4)
  7 adders
  A howler monkey skeleton (D:4)
  6 river rats
  A white imp (D:5)
  2 adder zombies (D:4)
  3 dart slugs
  4 ribbon worms
  17 orcs
  2 bats
  8 endoplasms
  3 giant cockroaches (D:3)
  8 goblins
  6 hobgoblins
  2 jackals (D:4)
  4 quokkas
  8 ball pythons
  4 frilled lizards
  A jackal zombie (D:4)
  22 kobolds
  25 rats
165 creatures vanquished.

Notes
Turn   | Place    | Note
-------+----------+-------------------------------------------
     0 | D:1      | hikkokomori the Gargoyle Alchemist began the quest for the
                  | Orb.
     0 | D:1      | Reached XP level 1. HP: 10/10 MP: 3/3
    22 | D:1      | Learned a level 1 spell: Sandblast
   289 | D:1      | Reached XP level 2. HP: 16/16 MP: 0/5
   949 | D:2      | Reached skill level 1 in Earth Magic
  1183 | D:2      | Reached skill level 1 in Fighting
  1187 | D:2      | Reached XP level 3. HP: 20/20 MP: 0/6
  1394 | D:2      | Noticed Natasha
  1399 | D:2      | Killed Natasha
  1470 | D:2      | Reached XP level 4. HP: 22/25 MP: 0/7
  1621 | D:2      | Reached skill level 3 in Stealth
  2051 | D:2      | Noticed Natasha
  2058 | D:2      | Killed Natasha
  2063 | D:2      | Learned a level 2 spell: Mercury Vapours
  2067 | D:2      | Learned a level 3 spell: Mephitic Cloud
  2217 | D:3      | Found a shimmering blue altar of Sif Muna.
  2227 | D:3      | Found a glowing drain.
  2234 | D:3      | Reached XP level 5. HP: 30/30 MP: 3/9
  2422 | D:3      | Found a faded altar of an unknown god.
  2432 | Sewer    | Entered a sewer
  2619 | Sewer    | Reached XP level 6. HP: 33/36 MP: 5/10
  2891 | Sewer    | Reached skill level 4 in Stealth
  3301 | D:3      | Learned a level 4 spell: Olgreb's Toxic Radiance
  4134 | D:4      | Found a bloodstained altar of Trog.
  4146 | D:4      | Reached XP level 7. HP: 41/41 MP: 9/12
  4223 | D:4      | Noticed Pikel
  4248 | D:4      | Killed Pikel
  4249 | D:4      | Reached skill level 1 in Short Blades
  4249 | D:4      | Reached skill level 5 in Stealth
  4249 | D:4      | Reached XP level 8. HP: 46/48 MP: 11/14
  4353 | D:4      | Found a shadowy altar of Dithmenos.
  4411 | D:4      | Found a snail-covered altar of Cheibriados.
  4599 | D:4      | Found an ancient bone altar of Kikubaaqudgha.
  4672 | D:4      | Became a worshipper of Kikubaaqudgha
  4832 | D:4      | Found a sparkling altar of Nemelex Xobeh.
  4832 | D:4      | Found a transporter.
  4929 | D:4      | Reached skill level 6 in Stealth
  5270 | D:5      | Entered Level 5 of the Dungeon
  5285 | D:5      | Reached skill level 5 in Fighting
  5405 | D:5      | Reached XP level 9. HP: 35/54 MP: 5/16
  5424 | D:5      | Noticed Menkaure
  5426 | D:5      | Reached skill level 5 in Spellcasting
  5427 | D:5      | HP: 2/54 [white imp (5)]
  5430 | D:5      | Reached skill level 1 in Air Magic
  5442 | D:5      | Reached skill level 5 in Alchemy
  5442 | D:5      | Reached * piety under Kikubaaqudgha
  5442 | D:5      | Received a gift from Kikubaaqudgha
  5671 | D:5      | Killed Menkaure
  5675 | D:5      | HP: 2/54 [wight/+6 falchion of freezing (9)]
  5675 | D:5      | Slain by a wight

Illustrated notes

Levels and vault maps discovered:
D:1:      spicycebolla_arrival_clurvy, layout_loops_ring, st_stairs_13
D:2:      kennysheep_six_static_rooms, layout_loops_ring, uniq_natasha
D:3:      layout_loops_corners, mainiacjoe_overflow_concentric_impassable,
          portal_sewer_entry_a, basic_ecumenical_altar, guppyfry_early_lair_pool
D:4:      layout_loops_ring, lemuel_mausoleum_altar_kikubaaqudgha, slow_altar_2,
          mainiacjoe_overflow_small_starburst,
          grunt_dithmenos_smoke_and_mirrors, grunt_nemelex_the_gamble,
          eino_small_chamber_without_monster, uniq_pikel
D:5:      cheibrodos_fzero, layout_rooms, corexii_item_surrounded_by_moat,
          uniq_menkaure

Skill      XL: |  1  2  3  4  5  6  7  8  9 |
---------------+----------------------------+-----
Earth Magic    | 1 2 3 |  3.1
Fighting       | 1 2 3 4 5 |  5.6
Stealth        | 3 4 5 6 |  6.1
Alchemy        | 3 4 5 |  5.1
Spellcasting   | 3 4 5 |  5.1
Short Blades   | 1 3 |  3.5
Air Magic      | 1 |  1.4
Dodging        | |  1.5
Conjurations   | |  1.1

Action                     |  1- 3 |  4- 6 |  7- 9 || total
---------------------------+-------+-------+-------++-------
  Melee: Unarmed           |     5 |       |       ||     5
         Short sword       |    10 |   128 |   254 ||   392
         Flail             |       |   116 |       ||   116
         Punch             |       |     3 |     2 ||     5
  Throw: Dart              |       |       |     1 ||     1
   Cast: Sting             |    44 |    26 |     1 ||    71
         Sandblast         |       |    27 |    13 ||    40
         Mephitic Cloud    |       |     2 |     8 ||    10
         Mercury Vapours   |       |     8 |     4 ||    12
    Use: Scroll            |     1 |     6 |     5 ||    12
         Potion            |       |       |     1 ||     1
   Stab: Sleeping          |       |     4 |     8 ||    12
         Confused          |       |     1 |     7 ||     8
 Armour: Robe              |    14 |   189 |   117 ||   320
  Dodge: Dodged            |     9 |   146 |   111 ||   266
